 Dungeon Crawl Stone Soup version 0.21.1-1-g345015f (webtiles) character file.

56 Monsterracer the Slasher (level 3, 0/26 HPs)
             Began as an Octopode Monk on Feb 12, 2018.
             Slain by an orc
             ... wielding a +0 whip of electrocution
              (3 damage)
             ... on level 2 of the Dungeon.
             The game lasted 00:01:40 (1299 turns).

Monsterracer the Slasher (Octopode Monk)            Turns: 1299, Time: 00:01:41

Health: 0/26       AC:  1    Str: 10    XL:     3   Next: 95%
Magic:  3/3        EV: 15    Int: 12    God:
Gold:   67         SH:  0    Dex: 15    Spells: 2/2 levels left

rFire    . . .     SeeInvis .   b - +2 dagger (flame)
rCold    . . .     Gourm    .   (no shield)
rNeg     . . .     Faith    +   (helmet restricted)
rPois    .         Spirit   .   g - amulet of faith
rElec    .         Reflect  .   (no ring)
rCorr    .         Harm     .   (no ring)
MR       .....                  (no ring)
Stlth    +++.......             (no ring)
HPRegen  0.08/turn              (no ring)
MPRegen  0.08/turn              (no ring)
                                (no ring)
                                (no ring)

@: no status effects
A: almost no armour, stealthy swim, amphibious, 8 rings, constrict 8, camouflage
1, gelatinous body 1
a: no special abilities


You were on level 2 of the Dungeon.
You were not hungry.

You visited 1 branch of the dungeon, and saw 2 of its levels.

You collected 67 gold pieces.

Inventory:

Hand Weapons
 a - a +0 falchion
 b - a +2 dagger of flaming (weapon)
Armour
 j - a +0 shield
Jewellery
 g - an amulet of faith (around mantle)
Scrolls
 d - a scroll of blinking {unknown}
 e - 2 scrolls of magic mapping {unknown}
 h - a scroll of noise {unknown}
 i - a scroll of remove curse {unknown}
Potions
 f - a potion of degeneration {unknown}
 k - a potion of curing {unknown}
Comestibles
 c - 3 rations


   Skills:
 + Level 3.3 Fighting
 * Level 3.7 Long Blades
 + Level 3.4 Dodging
 + Level 3.4 Stealth
 + Level 0.3 Shields


You had 2 spell levels left.
You didn't know any spells.

Dungeon Overview and Level Annotations

Branches:
Dungeon (2/15)

Altars:


Innate Abilities, Weirdness & Mutations

You cannot wear most types of armour.
You are very stealthy in the water. (Stealth+)
You are amphibious.
You can wear up to eight rings at the same time.
You can use your tentacles to constrict eight enemies at once.
Your skin changes colour to match your surroundings (Stealth+).
Your rubbery body absorbs attacks. (AC +1, EV +1)


Message History

You impale the frilled lizard!! You burn the frilled lizard.
You kill the frilled lizard!
You now have 57 gold pieces (gained 7).
Done exploring.
Done exploring.
Done exploring.
There is a stone staircase leading down here.
You climb downwards.
There is a stone staircase leading up here.
Found a shield.
You see here a shield.
Found a stone staircase leading down.
Search for what [? for help]? shi You see here a shield.
j - a shield Setting a skill training target for Shields at 15.0.
You are feeling hungry.
k - a red potion No target in view!
An adder and a goblin come into view.
The goblin moves out of view.
An adder is nearby!
An adder is nearby!
The helpless adder fails to defend itself.
You impale the adder!! You burn the adder.
You kill the adder!
You butcher the adder corpse.
l - a chunk of flesh Eating a chunk of flesh.
You eat the chunk of flesh.
This raw flesh tastes terrible.
A goblin is nearby!
A worm comes into view.
The goblin shouts!
You hit the goblin. You burn the goblin.
You kill the goblin!
A rat comes into view.
The worm bites you.
You take 2 damage, and have 24/26 hp.
You hit the worm. You burn the worm. You grab the worm.
The worm is moderately wounded.
You constrict the worm. The worm bites you!
You take 7 damage, and have 17/26 hp.
MASSIVE DAMAGE!!
You hit the worm. You burn the worm.
The worm is severely wounded.
You constrict the worm. You closely miss the rat. You grab the rat.
You constrict the rat. You constrict the worm. The rat barely misses you.
The worm closely misses you.
You hit the rat. You burn the rat.
You kill the rat!
You constrict the worm. You hit the worm. You burn the worm.
You kill the worm!
You see here an enchanted dagger.
HP restored.
Key pressed, stopping explore.
You now have 66 gold pieces (gained 9).
You now have 67 gold pieces (gained 1).
An ooze comes into view.
Health restored: 26 An ooze is nearby!
The ooze quivers.
You hit the ooze. You burn the ooze.
The ooze is moderately wounded.
The ooze barely misses you.
You hit the ooze. You burn the ooze.
The ooze is heavily wounded.
The ooze hits you.
You take 2 damage, and have 24/26 hp.
An ooze is nearby!
An ooze is nearby!
You hit the ooze. You burn the ooze.
You kill the ooze!
No target in view!
An orc comes into view. It is wielding a whip of electrocution.
Health restored: 26 An orc is nearby!
An orc priest comes into view. It is wielding a club.
The orc priest shouts!
The orc shouts!
You hear a shout!
You hear an angry hiss.
The orc barely misses you.
An orc comes into view.
You completely miss the orc. Your grab misses the orc.
You hit the orc priest but do no damage.
Your grab misses the orc priest. Your squeeze misses the orc priest.
The orc priest misses you. The orc closely misses you.
You hit the orc priest. You burn the orc priest.
Your grab misses the orc priest. Your squeeze misses the orc priest.
The orc priest is heavily wounded.
The orc priest misses you. The orc misses you.
You closely miss the orc. Your grab misses the orc.
The orc hits you with a whip of electrocution.
You are electrocuted!
Ouch! That really hurt!
* * * LOW HITPOINT WARNING * * *
An adder comes into view.
You take 23 damage, and have 3/26 hp.
MASSIVE DAMAGE!!
You closely miss the orc. You grab the orc.
You constrict the orc, but do no damage.
The orc hits you with a whip of electrocution.
You die...

### #... #... #....
#....##################
#...Soo...............#
#@...............#
#.#############..# #.#
.......#..# #.#
#......#..# #.#
#.......... ...
........... #.#
...######.. #..
......... .######..


You could see an adder and 2 orcs.

Vanquished Creatures
  An adder (D:2)
  An ooze (D:2)
  A worm (D:2)
  2 dart slugs (D:1)
  A leopard gecko (D:1)
  4 goblins
  3 hobgoblins (D:1)
  3 jackals (D:1)
  4 kobolds (D:1)
  2 bats (D:1)
  4 frilled lizards (D:1)
  10 rats
36 creatures vanquished.

Notes
Turn   | Place    | Note
-------+----------+-------------------------------------------
     0 | D:1      | Monsterracer the Octopode Monk began the quest for the Orb.
     0 | D:1      | Reached XP level 1. HP: 16/16 MP: 1/1
    92 | D:1      | Reached XP level 2. HP: 21/21 MP: 2/2
   134 | D:1      | HP: 8/21 [hobgoblin/club (4)]
   524 | D:1      | Reached XP level 3. HP: 26/26 MP: 3/3
  1298 | D:2      | HP: 3/26 [orc/whip of electrocution (18)]
  1299 | D:2      | Slain by an orc

Skill      XL: |  1  2 |
---------------+-------+-----
Stealth        | 3 |  3.4
Fighting       | |  3.3
Long Blades    | |  3.7
Dodging        | |  3.4
Shields        | |  0.3

Action                   || total
-------------------------++-------
Melee: Falchion          ||    37
       Constrict         ||    24
       Tentacles         ||     5
       Dagger            ||    25
 Stab: Sleeping          ||     9
       Distracted        ||     1
  Eat: Chunk             ||     1
Armor: Skin              ||     3
Dodge: Dodged            ||    36
       Rpst.: Falchion   ||     6

Vault maps used:
D:1:      dpeg_arrival_ratfight
D:2:      nicolae_overflow_hidden_temple, uniq_jessica
